 Dungeon Crawl Stone Soup version 0.17.0-28-g6e173f8 (webtiles) character file.

123 dvd the Gusty (level 4, -2/27 HPs)
             Began as a High Elf Air Elementalist on Nov 27, 2015.
             Was an Initiate of Ashenzari.
             Slain by a gnoll
             ... wielding a +3 halberd
              (18 damage)
             ... on level 2 of the Dungeon.
             The game lasted 00:11:00 (2491 turns).

dvd the Gusty (High Elf Air Elementalist)           Turns: 2491, Time: 00:11:01

Health: -2/27      AC:  7    Str:  7    XL:     4   Next: 79%
Magic:  1/10       EV: 12    Int: 20    God:    Ashenzari [......]
Gold:   127        SH:  0    Dex: 15    Spells: 3 memorised, 3 levels left

rFire  + + .     SeeInvis .     d - +0 dagger (curse)
rCold  . . .     Clarity  .     w - +2 leather armour {rF+}
rNeg   . . .     SustAt   .     (no shield)
rPois  .         Gourm    .     (no helmet)
rElec  .         Spirit   .     (no cloak)
rCorr  .         Warding  .     o - +0 pair of gloves
rMut   .         Stasis   .     l - +0 pair of boots
MR     .....                    (no amulet)
Stlth  ++........               (no ring)
                                f - ring of protection from fire

@: very slightly contaminated, repel missiles, not resistant to hostile
enchantments, unstealthy
A: no striking features
a: Renounce Religion


You were on level 2 of the Dungeon.
You worshipped Ashenzari.
Ashenzari was noncommittal.
You were not hungry.

You visited 1 branch of the dungeon, and saw 2 of its levels.

You collected 127 gold pieces.

Inventory:

Hand Weapons
 d - a cursed +0 dagger (weapon)
Missiles
 e - 8 javelins (quivered)
Armour
 l - a +0 pair of boots (worn)
 o - a +0 pair of gloves (worn)
 w - a +2 leather armour of fire resistance (worn)
Jewellery
 f - a ring of protection from fire (left hand)
Scrolls
 m - 3 scrolls of remove curse
Potions
 h - a potion of haste {unknown}
 k - 2 potions of curing {unknown}
 p - 2 potions of magic {unknown}
 u - a potion of ambrosia
Books
 b - a book of Air

   Spells                             Type                      Level
   a - Shock                          Conjuration/Air              1
   b - Swiftness                      Charms/Air                   2
   c - Repel Missiles                 Charms/Air                   2
   d - Static Discharge               Conjuration/Air              3
   e - Lightning Bolt                 Conjuration/Air              5
Comestibles
 a - a chunk of flesh
 c - a bread ration
 g - 3 meat rations
 i - a fruit
 j - a royal jelly
 q - a beef jerky


   Skills:
 + Level 0.2 Fighting
 + Level 0.4 Throwing
 + Level 3.1 Dodging
 + Level 2.9 Stealth
 + Level 3.3 Spellcasting
 + Level 2.1 Conjurations
 + Level 0.2 Charms
 + Level 4.6 Air Magic


You had 3 spell levels left.
You knew the following spells:

 Your Spells              Type           Power        Failure   Level  Hunger
a - Shock                 Conj/Air       ###.         6%          1    None
b - Repel Missiles        Chrm/Air       ##....       14%         2    ##.....
c - Static Discharge      Conj/Air       ###.....     17%         3    ###....


Dungeon Overview and Level Annotations

Branches:
Dungeon (2/15)

Altars:
Ashenzari
Yredelemnul
Zin


Message History

The gnoll hits you with an enchanted halberd!
Casting: Shock
Confirm with . or Enter, or press ? or * to list all spells.
The gnoll is struck by lightning.
The gnoll is heavily wounded.
The lightning arcs!
You are struck by lightning.
The lightning grounds out.
Casting: Static Discharge
Confirm with . or Enter, or press ? or * to list all spells.
You don't have enough magic to cast that spell.
Casting: Static Discharge
Confirm with . or Enter, or press ? or * to list all spells.
Aiming: Shock
Press: ? - help, Shift-Dir - straight line, f/p - gnoll
Aim: a gnoll, wielding an enchanted halberd and wearing a scale mail (heavily wounded)
You miscast Shock.
You are very lightly contaminated with residual magic.
You feel momentarily weightless.
The gnoll hits you with an enchanted halberd!!
Ouch! That really hurt!
You die...

##### ....# ###.# # #P♣♣#
#############.# P≈♣♣♣
#....@g.......## ≈≈≈≈♣
#####.######........
≈≈P≈♣♣♣♣...#.# #.####.##
P≈≈≈≈≈♣♣P#.#.# ###.# .#
≈≈≈≈≈≈≈≈♣♣.#.####<#.####.#
≈≈≈≈≈≈≈≈≈≈≈...#..........#.###
≈≈≈≈≈P≈P≈≈≈≈..#.#.#.##........
≈≈≈≈≈P≈≈≈P≈♣..#.#.#.##.#.#.##.
..........(...#.#.#.##.#.# #


You could see a gnoll.

Vanquished Creatures
  2 adders (D:2)
  3 gnolls (D:2)
  2 oozes (D:2)
  A worm (D:2)
  2 ball pythons (D:1)
  10 bats
  A giant cockroach (D:2)
  7 goblins
  6 hobgoblins
  3 kobolds (D:2)
  6 giant newts
  10 jackals
  8 rats
  A spectral orc (D:2)
62 creatures vanquished.

Notes
Turn   | Place    | Note
--------------------------------------------------------------
     0 | D:1      | dvd the High Elf Air Elementalist began the quest for the Orb.
     0 | D:1      | Reached XP level 1. HP: 11/11 MP: 4/4
   329 | D:1      | Reached XP level 2. HP: 17/17 MP: 4/6
   364 | D:1      | Reached skill level 4 in Air Magic
   796 | D:1      | Learned a level 2 spell: Repel Missiles
   834 | D:2      | Found a shattered altar of Ashenzari.
   842 | D:2      | Reached XP level 3. HP: 19/21 MP: 4/7
   939 | D:2      | Became a worshipper of Ashenzari the Shackled
  1524 | D:2      | Reached XP level 4. HP: 27/27 MP: 5/9
  1674 | D:2      | Found a glowing silver altar of Zin.
  1786 | D:2      | Learned a level 3 spell: Static Discharge
  2214 | D:2      | Found a basalt altar of Yredelemnul.
  2491 | D:2      | Slain by a gnoll

Action                   |  1- 3 |  4- 6 || total
-------------------------+-------+-------++-------
Melee: Dagger            |    19 |     5 ||    24
Throw: Javelin           |    10 |       ||    10
 Cast: Shock             |    82 |    60 ||   142
       Repel Missiles    |     1 |       ||     1
       Static Discharge  |       |     1 ||     1
  Use: Scroll            |     1 |     4 ||     5
 Stab: Sleeping          |     2 |     1 ||     3
  Eat: Chunk             |     2 |     3 ||     5
